 Dungeon Crawl Stone Soup version 0.28-a0-1152-g9c71ebef14 (webtiles) character file.

Game seed: 10645956623191056396

15 Zonian the Skirmisher (level 2, -2/29 HPs)
             Began as a Gnoll Wanderer on Dec 15, 2021.
             Slain by a quokka (5 damage)
             ... on level 1 of the Dungeon.
             The game lasted 00:02:11 (721 turns).

Zonian the Skirmisher (Gnoll Wanderer)               Turns: 721, Time: 00:02:12

Health: -2/29      AC:  2    Str: 10    XL:     2   Next: 50%
Magic:  5/5        EV: 11    Int: 15    God:
Gold:   12         SH:  0    Dex:  8    Spells: 6/6 levels left

rFire   . . .      SeeInvis .   a - +2 mace
rCold   . . .      Faith    .   (no shield)
rNeg    . . .      Spirit   .   d - +0 robe
rPois   .          Reflect  .   (no helmet)
rElec   .          Harm     .   (no cloak)
rCorr   .          Rampage  .   (no gloves)
Will    .....                   (no boots)
Stlth   +.........              (no amulet)
HPRegen 0.09/turn               (no ring)
MPRegen 0.09/turn               (no ring)

@: no status effects
A: fangs 1, strong nose, distributed training
a: no special abilities


You were on level 1 of the Dungeon.
You visited 1 branch of the dungeon, and saw 1 of its levels.

You collected 12 gold pieces.

Inventory:

Hand Weapons
 a - a +2 mace (weapon)
Armour
 d - a +0 robe (worn)
 e - a +0 leather armour
Scrolls
 b - a scroll of teleportation
Potions
 f - a potion of haste {unknown}
 g - 2 potions of heal wounds {unknown}


   Skills:
 + Level 6.5 Fighting
 + Level 0.4 Short Blades
 + Level 0.4 Long Blades
 + Level 0.4 Axes
 + Level 4.5 Maces & Flails
 + Level 0.4 Polearms
 + Level 0.4 Staves
 + Level 0.4 Slings
 + Level 0.4 Bows
 + Level 0.4 Crossbows
 + Level 2.5 Throwing
 + Level 0.4 Armour
 + Level 0.4 Dodging
 + Level 0.4 Stealth
 + Level 2.5 Shields
 + Level 0.4 Unarmed Combat
 + Level 2.7 Spellcasting
 + Level 0.2 Conjurations
 + Level 0.2 Hexes
 + Level 0.2 Summonings
 + Level 0.2 Necromancy
 + Level 2.0 Translocations
 + Level 0.2 Transmutations
 + Level 0.2 Fire Magic
 + Level 0.2 Ice Magic
 + Level 0.2 Air Magic
 + Level 2.0 Earth Magic
 + Level 0.2 Poison Magic
 + Level 0.5 Invocations
 + Level 0.4 Evocations


You had 6 spell levels left.
You didn't know any spells.
Your spell library was empty.

Dungeon Overview and Level Annotations

Branches:
Dungeon (1/15)

Altars:


Innate Abilities, Weirdness & Mutations

You have very sharp teeth.
Your uncanny sense of smell can sniff out nearby items.
Your experience applies equally to all skills.


Message History

The jackal closely misses you. x2
You hit the jackal.
You kill the jackal!
The jackal bites you.
You closely miss the jackal. Your bite misses the jackal.
The jackal closely misses you. The jackal barely misses you.
You closely miss the jackal. The jackal closely misses you.
The jackal bites you. The quokka bites you. The jackal closely misses you.
You miss the quokka.
The jackal bites you but does no damage.
The jackal bites you. The quokka bites you. The jackal misses you.
You hit the quokka but do no damage. The jackal barely misses you.
The jackal bites you but does no damage.
The quokka bites you. The jackal barely misses you.
You hit the quokka. Your bite misses the quokka.
The quokka is severely wounded.
The jackal closely misses you. The quokka closely misses you.
The jackal closely misses you.
The jackal bites you but does no damage.
The quokka bites you.
The jackal bites you but does no damage.
You closely miss the quokka.
The quokka is severely wounded.
The jackal bites you. The quokka bites you.
* * * LOW HITPOINT WARNING * * *
The jackal bites you.
* * * LOW HITPOINT WARNING * * *
The jackal closely misses you.
You feel better. The jackal bites you.
* * * LOW HITPOINT WARNING * * *
The quokka bites you.
* * * LOW HITPOINT WARNING * * *
The jackal bites you but does no damage.
The jackal closely misses you. The quokka closely misses you.
Unknown command.
You hit the quokka but do no damage.
The quokka is severely wounded.
The jackal bites you but does no damage.
The jackal closely misses you. The quokka bites you.
You die...

######## #......# #.##.###
#....... . ∆ #####.## .. ####
#...#.#. ... ... #.#.#.#.
.J.. ##h# ...#.#...#.
..#..#####@h# #..#†######
.........r.## #..#.#.P... ..
.#.##..###### #..#.######
...............####..#.......
....#.####[..........########
∆ #...#.#
####..####....>..... .....#
######.##.........###
#.#.###...........##......#
#......÷####....#########.#


You could see a quokka and 2 jackals.

Vanquished Creatures
  3 ball pythons (D:1)
  2 endoplasms (D:1)
  A giant cockroach (D:1)
  2 hobgoblins (D:1)
  A jackal (D:1)
  2 quokkas (D:1)
  A rat (D:1)
12 creatures vanquished.

Notes
Turn   | Place    | Note
-------+----------+-------------------------------------------
     0 | D:1      | Zonian the Gnoll Wanderer began the quest for the Orb.
     0 | D:1      | Zonian set off with the following items: a +2 mace, a
                  | scroll of teleportation, a potion of curing, a +0 robe
     0 | D:1      | Reached XP level 1. HP: 23/23 MP: 4/4
   243 | D:1      | Reached XP level 2. HP: 14/29 MP: 5/5
   721 | D:1      | Slain by a quokka

Illustrated notes

Levels and vault maps discovered:
D:1:      onia_arrival_mini_maze_b, layout_rooms, basic_ecumenical_altar,
          amcnicky_mini_pool_small

Skill      XL: |  1 |
---------------+----+-----
Translocations | 2 |  2.0
Earth Magic    | 2 |  2.0
Fighting       | |  6.5
Short Blades   | |  0.4
Long Blades    | |  0.4
Axes           | |  0.4
Maces & Flails | |  4.5
Polearms       | |  0.4
Staves         | |  0.4
Slings         | |  0.4
Bows           | |  0.4
Crossbows      | |  0.4
Throwing       | |  2.5
Armour         | |  0.4
Dodging        | |  0.4
Stealth        | |  0.4
Shields        | |  2.5
Unarmed Combat | |  0.4
Spellcasting   | |  2.7
Conjurations   | |  0.2
Hexes          | |  0.2
Summonings     | |  0.2
Necromancy     | |  0.2
Transmutations | |  0.2
Fire Magic     | |  0.2
Ice Magic      | |  0.2
Air Magic      | |  0.2
Poison Magic   | |  0.2
Invocations    | |  0.5
Evocations     | |  0.4

Action                   || total
-------------------------++-------
Melee: Mace              ||    45
       Bite              ||     2
       Punch             ||     1
  Use: Potion            ||     1
Armor: Robe              ||    13
Dodge: Dodged            ||    45

Table legend: (Time is in decaauts)
 A = Elapsed time spent in this place.
 B = Non-inter-level travel time spent in this place.
 C = Inter-level travel time spent in this place.
 D = Time resting spent in this place.
 E = Time spent auto-exploring this place.
 F = Levels seen in this place.
 G = Mean time per level.
                   A        B        C        D        E       F      G
               +--------+--------+--------+--------+--------+-----+--------+
         Total |    728 |    728 |      0 |    333 |    108 |   1 |  728.0 |
       Dungeon |    728 |    728 |      0 |    333 |    108 |   1 |  728.0 |
               +--------+--------+--------+--------+--------+-----+--------+

Top non-repeatable levels by time:
     D:1: 728 daAuts
